[Event "Live Chess"]
[Site "Chess.com"]
[Date "2023.05.20"]
[Round "-"]
[White "manthanit"]
[Black "LL220284LL"]
[Result "0-1"]
[WhiteElo "1048"]
[BlackElo "2385"]
[TimeControl "300"]
[EndTime "15:45:42 PDT"]
[Termination "LL220284LL won by resignation"]

1. e4 c5 2. Nf3 e6 3. d4 cxd4 4. Nxd4 a6 5. c4 Qc7 6. Nc3 Nc6 7. Nxc6 bxc6 8. g3 c5 9. Bg2 Bb7 10. O-O Nf6 11. Bf4 e5 12. Bg5 Be7 13. Nd5 Nxd5 14. exd5 Bxg5 15. Qg4 Bf6 16. Be4 d6 17. Rae1 Bc8 18. b3 Bxg4 0-1

[Event "Live Chess"]
[Site "Chess.com"]
[Date "2023.05.20"]
[Round "-"]
[White "jagbama"]
[Black "diana21strabt"]
[Result "0-1"]
[WhiteElo "1145"]
[BlackElo "1699"]
[TimeControl "300"]
[EndTime "15:45:43 PDT"]
[Termination "diana21strabt won on time"]

1. e4 d5 2. exd5 Qxd5 3. Nc3 Qa5 4. Bd3 Nf6 5. Nge2 Bg4 6. O-O Nc6 7. h3 Bh5 8. Bb5 O-O-O 9. a4 a6 10. Bxc6 bxc6 11. Ra3 e6 12. Rb3 Bb4 13. Qe1 c5 14. d3 Nd5 15.
Bd2 Bxe2 16. Qxe2 Bxc3 17. Bxc3 Qxa4 18. Ra3 Nxc3 19. Rxc3 Qb5 20. Rb3 Qc6 21. c4 Rd6 22. Ra3 Rhd8 23. Rfa1 Qb7 24. Qf3 Qxf3 25. gxf3 Kb7 26.
Rb3+ Rb6 27. Raa3 Rd4 28. Kf1 Rf4 29. Ke2 Rh4 30. d4 cxd4 31. c5 Rxb3 32. Rxb3+ Kc6 33.
Kd3 Kxc5 34. Ra3 Kb5 35. Rb3+ Ka4 0-1

[Event "Live Chess"]
[Site "Chess.com"]
[Date "2023.05.20"]
[Round "-"]
[White "Jo1ts"]
[Black "raminguy"]
[Result "0-1"]
[WhiteElo "779"]
[BlackElo "1960"]
[TimeControl "300"]
[EndTime "15:46:13 PDT"]
[Termination "raminguy won by resignation"]

1. d4 d5 2. Bf4 e6 3. Nf3 Bd6 4. Bg3 Nf6 5. e3 O-O 6. Nbd2 b6 7. Bd3 Ba6 8. Bxa6 Nxa6 9. c3 Nb8 10.
Ne5 c5 11. Qa4 Qc7 12. Ndf3 Nfd7 13. Qc2 f6 14. Nxd7 Nxd7 15. Bxd6 Qxd6 16. O-O-O cxd4 17. Nxd4 Rfc8 18. e4 Ne5 19. f4 Nc4 20. Rhe1 Qxf4+ 21. Kb1 Qd6 22. exd5 exd5 23. h3 Re8 24. Nf5 Qd7 25.
Ne7+ Rxe7 26. Rxe7 Qxe7 27. Qf5 Qe4+ 28. Qxe4 dxe4 29. Rd4 Re8 30. Rxc4 e3 31. Kc1 e2 32. Rc8 e1=Q+ 33. Kc2 Rxc8 0-1

[Event "Live Chess"]
[Site "Chess.com"]
[Date "2023.05.20"]
[Round "-"]
[White "Missedidea"]
[Black "ossie57"]
[Result "0-1"]
[WhiteElo "1780"]
[BlackElo "1927"]
[TimeControl "300"]
[EndTime "15:46:14 PDT"]
[Termination "ossie57 won on time"]

1. d4 Nf6 2. c4 g6 3. Nc3 d6 4. e4 Bg7 5. Nf3 O-O 6. Be2 Re8 7. O-O Nc6 8. d5 Nb8 9. Bg5 h6 10. Bh4 e5 11. Nd2 g5 12. Bg3 c6 13. h4 g4 14. Qc2 h5 15. f3 Rf8 16. f4 c5 17. f5 a6 18. a3 Bd7 19. b4 b6 20.
bxc5 bxc5 21. Rfb1 Bc8 22. Rb2 Nbd7 23. Rab1 Re8 24.
Na4 Nh7 25. Be1 Bf6 26. g3 a5 27. Nb6 Nxb6 28. Rxb6 Ba6 29. Nb3 Qxb6 30. Nxa5 Qa7 31. Nc6 Qc7 32. Ba5 Qd7 33. Rb6 Bb7 34. Qb3 Bxc6 35. dxc6 Qa7 36. Rb5 Bd8 37. Bxd8 Rexd8 38. Rb7 Qxa3 39. Qxa3 Rxa3 40. c7 Rc8 41. Rb8 Ra8 42. Rb7 Nf6 43. Bd3 Ne8 44. Bc2 Rxc7 45. Rb6 Ra2 46. Bb3 Ra8 47. Kf2 Rca7 48. Ke2 Ra3 49. Kd2 Ra1 50. Bd1 R8a2+ 0-1

[Event "Live Chess"]
[Site "Chess.com"]
[Date "2023.05.20"]
[Round "-"]
[White "CameronM1234"]
[Black "WilliamofOrange16th"]
[Result "0-1"]
[WhiteElo "1095"]
[BlackElo "1846"]
[TimeControl "300"]
[EndTime "15:46:39 PDT"]
[Termination "WilliamofOrange16th won by checkmate"]

1. e4 d6 2. Nf3 Nf6 3. d3 e5 4. g3 c6 5. Bg2 Be7 6. c3 O-O 7. O-O Nbd7 8. h3 d5 9. exd5 cxd5 10.
Nbd2 Qc7 11. Re1 Re8 12. c4 Rb8 13. cxd5 Nxd5 14. Nc4 Bf6 15. Nfxe5 Nxe5 16. Bxd5 Bxh3 17. Bf4 Qc5 18. Nxe5 Qxd5 19. Nf3 Rxe1+ 20. Qxe1 Qxf3 21. Qe4 Qxe4 22. dxe4 Re8 23. Rc1 Rc8 24. Re1 Be6 25.
e5 Be7 26. b3 h6 27. Be3 b6 28. f4 Bg4 29. Rf1 Rc2 30. Rf2 Rxf2 31. Kxf2 Bc5 32. Bxc5 bxc5 33. Ke3 Bf5 34. a3 Kf8 35. b4 cxb4 36.
axb4 Ke7 37. Kd4 Kd7 38. Kc5 Kc7 39. Kb5 Bd3+ 40. Ka5 a6 41. Ka4 Kc6 42. Kb3 Kd5 43. Kc3 Bb5 44. Kd2 Ke4 45. Kc3 h5 46. Kd2 g5 47. Kc3 gxf4 48. gxf4 Kxf4 49. e6 fxe6 50. Kd4 e5+ 51. Kc5 e4 52. Kd5 e3 53. Ke6 e2 54.
Kf6 e1=R 55. Kg6 h4 56. Kh5 h3 57. Kh4 h2 58. Kh5 h1=Q+ 59. Kg6 Bd3+ 60. Kf6 Qh6+ 61.
Kf7 Qg6+ 62. Kf8 Re8# 0-1

[Event "Live Chess"]
[Site "Chess.com"]
[Date "2023.05.20"]
[Round "-"]
[White "jk0110"]
[Black "AbilifyXL"]
[Result "0-1"]
[WhiteElo "1116"]
[BlackElo "1968"]
[TimeControl "300"]
[EndTime "15:46:43 PDT"]
[Termination "AbilifyXL won on time"]

1. e4 d5 2. d4 dxe4 3. Nc3 Nf6 4. f3 exf3 5. Nxf3 c6 6. Bc4 Bf5 7. O-O e6 8. Bg5 Nbd7 9. Ne5 Be7 10. Bxf6 Nxf6 11. d5 O-O 12. Qf3 cxd5 13. Nxd5 Nxd5 14. Bxd5 exd5 15. Qxf5 Bf6 16. Nd7 Bxb2 17. Rab1 Bd4+ 18. Kh1 Bb6 19. Qxd5 Rc8 20. Qxb7 Rc7 21. Qxc7 Bxc7 22. Nxf8 Kxf8 23. Rbe1 f6 24. Rd1 Qb8 25. Rf3 Bxh2 26. Rfd3 Kf7 27. Rd7+ Kg6 28. R7d3 Qf4 29. Rf3 Qh4 0-1

[Event "Live Chess"]
[Site "Chess.com"]
[Date "2023.05.20"]
[Round "-"]
[White "Singapourfeuj"]
[Black "Conradical12"]
[Result "1-0"]
[WhiteElo "2203"]
[BlackElo "1616"]
[TimeControl "300"]
[EndTime "15:46:48 PDT"]
[Termination "Singapourfeuj won by resignation"]

1. d4 d5 2. Nc3 Nf6 3. e4 dxe4 4. f3 exf3 5. Nxf3 Nc6 6. Bc4 Bf5 7. Bg5 Nb4 8. Rc1 c6 9. O-O h6 10. Bxf6 gxf6 11. Qe2 Rg8 12. Kh1 Qc7 13. Nh4 Bd7 14.
a3 Nd5 15. Bxd5 cxd5 16. Nxd5 Qd6 17. c4 O-O-O 18. Nf3 Bc6 19. Ne3 e5 20. c5 Qd7 21.
d5 Bxd5 22. Nxd5 Qxd5 23. c6 b6 24. Qa6+ Kc7 25. Qb7+ Kd6 26. Rfd1 Qxd1+ 27. Rxd1+ Ke6 28. Rxd8 1-0

[Event "Live Chess"]
[Site "Chess.com"]
[Date "2023.05.20"]
[Round "-"]
[White "nigelst"]
[Black "weibs440"]
[Result "0-1"]
[WhiteElo "1803"]
[BlackElo "957"]
[TimeControl "300"]
[EndTime "15:46:54 PDT"]
[Termination "weibs440 won by checkmate"]

1. e4 d6 2. d4 Nf6 3. Nc3 Nbd7 4. f4 e5 5. dxe5 dxe5 6. Nf3 c6 7. fxe5 Qc7 8. exf6 gxf6 9. Bd3 Bb4 10. O-O Nc5 11.
Be3 Nxd3 12. Qxd3 Bd7 13. Qc4 Bxc3 14. Qxc3 O-O-O 15. Qxf6 Rhg8 16. Bf4 Qb6+ 17. Kh1 Qc5 18. Rad1 Qxc2 19. Qd6 Qxg2# 0-1

[Event "Live Chess"]
[Site "Chess.com"]
[Date "2023.05.20"]
[Round "-"]
[White "chessfiction"]
[Black "CheckThis4"]
[Result "1-0"]
[WhiteElo "2350"]
[BlackElo "2518"]
[TimeControl "300"]
[EndTime "15:47:12 PDT"]
[Termination "chessfiction won by resignation"]

1. e4 Nc6 2. d4 d5 3. exd5 Qxd5 4. Be3 e5 5. c4 Qa5+ 6. Bd2 Bb4 7. d5 Nd4 8. a3 Bxd2+ 9. Nxd2 Bf5 10. Rc1 Nf6 11. Nf3 O-O-O 12. Rc3 Ne4 13. Nxe4 Bxe4 14. Nxd4 exd4 15. Qxd4 Rhe8 16. Be2 c5 17. Qxg7 Kb8 18.
O-O Qc7 19. Qg3 Rd6 20. Bf3 f5 21. b4 Ka8 22. Re1 cxb4 23. axb4 Qd8 24. Bxe4 fxe4 25. Ra3 Rg6 26. Qe3 a6 27. b5 Reg8 28. g3 Rf8 29.
bxa6 b6 30. Qxe4 Qd6 31. Rf3 Rxf3 32. Qe8+ Ka7 33. Re7+ Qxe7 34. Qxe7+ Kxa6 35. c5 bxc5 36. Qe2+ 1-0

[Event "Live Chess"]
[Site "Chess.com"]
[Date "2023.05.20"]
[Round "-"]
[White "birdseed45"]
[Black "Doge_Dandolo"]
[Result "1-0"]
[WhiteElo "1864"]
[BlackElo "2028"]
[TimeControl "300"]
[EndTime "15:47:13 PDT"]
[Termination "birdseed45 won by resignation"]

1. e4 c6 2. d4 d5 3. Nc3 dxe4 4. Nxe4 Bf5 5. Ng3 Bg6 6. Nf3 Nd7 7. Bd3 e6 8. Bxg6 hxg6 9. O-O Bd6 10. c4 Qb8 11. d5 cxd5 12. cxd5 exd5 13. Re1+ Kf8 14. Qxd5 Ngf6 15.
Qd3 Ne5 16. Nxe5 Bxe5 17. Bd2 Rh4 18. Bg5 Qd6 19. Qxd6+ Bxd6 20. Bxh4 1-0

[Event "Live Chess"]
[Site "Chess.com"]
[Date "2023.05.20"]
[Round "-"]
[White "Man-Del-Brot"]
[Black "sanjesh_ananda"]
[Result "0-1"]
[WhiteElo "1067"]
[BlackElo "1084"]
[TimeControl "300"]
[EndTime "15:47:16 PDT"]
[Termination "sanjesh_ananda won by checkmate"]

1. d4 d5 2. Nf3 Nf6 3. Bf4 Nc6 4. e3 a6 5. c3 Bf5 6. Bd3 e6 7. O-O Bd6 8. Ne5 Bxe5 9. dxe5 Ne4 10. Nd2 O-O 11.
Nxe4 Bxe4 12. Bxe4 dxe4 13. Qxd8 Raxd8 14. Rad1 h6 15.
h4 Kh7 16. b4 Rd3 17. Rxd3 exd3 18. Rd1 Rd8 19. Rd2 b6 20. a4 a5 21. g4 axb4 22. cxb4 Nxb4 23. g5 Na6 24. gxh6 gxh6 25. e4 Nc5 26. f3 Nxa4 27. Kf2 b5 28. Ke3 Nc5 29. Bg3 b4 30. Be1 b3 31. Rb2 Kg6 32.
Bb4 Na6 33. Rxb3 Nxb4 34. Rxb4 d2 35. h5+ Kxh5 36. Rb1 d1=Q 37. Rxd1 Rxd1 38. Ke2 Rd8 39. Ke3 c5 40. f4 c4 41. f5 c3 42. Kf4 c2 43. fxe6 fxe6 44. Ke3 c1=Q+ 45. Kf3 Rd3+ 46. Kg2 Qc2+ 47. Kf1 Rd1# 0-1

[Event "Live Chess"]
[Site "Chess.com"]
[Date "2023.05.20"]
[Round "-"]
[White "laminaaprod"]
[Black "WelshTiger"]
[Result "0-1"]
[WhiteElo "2243"]
[BlackElo "2374"]
[TimeControl "300"]
[EndTime "15:47:24 PDT"]
[Termination "WelshTiger won by resignation"]

1. d4 d5 2. c4 e6 3. Nf3 Nf6 4.
g3 c5 5. cxd5 exd5 6. Bg2 Nc6 7.
O-O Be7 8. Nc3 O-O 9. Bg5 c4 10. Ne5 Be6 11. Nxc6 bxc6 12. b3 Qa5 13. Na4 Rad8 14.
Bxf6 Bxf6 15. Nc5 Qb6 16. Qc2 Bxd4 17. Nxe6 fxe6 0-1

[Event "Live Chess"]
[Site "Chess.com"]
[Date "2023.05.20"]
[Round "-"]
[White "JoshMcK"]
[Black "SupremeTactician"]
[Result "0-1"]
[WhiteElo "1518"]
[BlackElo "2346"]
[TimeControl "300"]
[EndTime "15:47:34 PDT"]
[Termination "SupremeTactician won by resignation"]

1. e4 e5 2. Nf3 Nc6 3. Bb5 a6 4. Ba4 Nf6 5. O-O Nxe4 6. d4 Be7 7. dxe5 O-O 8. Bxc6 dxc6 9. Qxd8 Rxd8 10. Be3 Bg4 11. Nc3 Nxc3 12. bxc3 Rd5 13. h3 Bxf3 14. gxf3 Rxe5 15.
Rfe1 Re8 16. Bd4 Rxe1+ 17. Rxe1 Kf8 18. Kf1 Bf6 19. Bc5+ Be7 20. Bxe7+ Rxe7 21. Rxe7 Kxe7 22. Ke2 Kd6 23. Kd3 Ke5 24. Ke3 g5 25. a3 h5 26. c4 c5 27. c3 c6 28. a4 b5 29.
axb5 cxb5 30. cxb5 axb5 0-1

[Event "Live Chess"]
[Site "Chess.com"]
[Date "2023.05.20"]
[Round "-"]
[White "MarkLim1"]
[Black "LodeshChess"]
[Result "1-0"]
[WhiteElo "1658"]
[BlackElo "1127"]
[TimeControl "300"]
[EndTime "15:48:15 PDT"]
[Termination "MarkLim1 won by resignation"]

1. d4 Nf6 2. Nf3 c5 3. d5 d6 4. Nc3 e5 5. e4 Qa5 6. Bb5+ Bd7 7. Bxd7+ Nbxd7 8. O-O g6 9. Nd2 Bg7 10. Nc4 Qc7 11. a4 O-O 12. Nb5 Qd8 13. Nbxd6 Qc7 14. Bg5 a6 15. a5 h6 16. Bh4 g5 17. Bg3 Nh5 18. Qxh5 1-0

[Event "Live Chess"]
[Site "Chess.com"]
[Date "2023.05.20"]
[Round "-"]
[White "mpersander"]
[Black "GEMdzq"]
[Result "0-1"]
[WhiteElo "1018"]
[BlackElo "2230"]
[TimeControl "300"]
[EndTime "15:48:36 PDT"]
[Termination "GEMdzq won by checkmate"]

1. e4 d6 2. d4 Nf6 3. e5 dxe5 4. dxe5 Qxd1+ 5. Kxd1 Ng4 6. f3 Nxe5 7. Bf4 Nbc6 8. Bg3 Bf5 9. f4 O-O-O+ 10. Nd2 Ng4 11.
h3 Ne3+ 12. Ke2 Nxc2 13. Rc1 Bd3+ 14. Kf2 N2b4 15. Ke3 e6 16. Ngf3 Nc2+ 17. Rxc2 Bxc2 18. Bb5 Bc5+ 19. Ke2 Nd4+ 20. Nxd4 Bxd4 21. b3 c6 22. Bc4 b5 23. Rc1 bxc4 24. Rxc2 c3 25. Nf3 Bf6 26. Ne5 Bxe5 27. fxe5 Rd2+ 28. Rxd2 cxd2 29. Kxd2 Rd8+ 30.
Ke3 Rd1 31. a3 Rb1 32. b4 Rb3+ 33. Kf4 g5+ 34. Kg4 h5+ 35. Kxh5 Rxg3 36. h4 gxh4 37. Kxh4 Rxg2 38. Kh5 Kd8 39. a4 Ke7 40. b5 cxb5 41. axb5 f6 42. exf6+ Kxf6 43. Kh4 Kf5 44. Kh3 Rg8 45.
Kh2 Kf4 46. Kh3 e5 47. Kh4 Rh8# 0-1

[Event "Live Chess"]
[Site "Chess.com"]
[Date "2023.05.20"]
[Round "-"]
[White "stevochess11"]
[Black "luckywookie"]
[Result "1-0"]
[WhiteElo "1748"]
[BlackElo "755"]
[TimeControl "300"]
[EndTime "15:48:36 PDT"]
[Termination "stevochess11 won by checkmate"]

1. d4 d5 2. Nf3 c6 3. c4 Nf6 4. Nc3 e6 5. Bg5 Nbd7 6. cxd5 cxd5 7. e3 a6 8. Bd3 Bb4 9. O-O Qa5 10. Rc1 O-O 11.
Ne5 Bxc3 12. bxc3 Ne4 13. Qh5 f6 14. Nxd7 Bxd7 15. Bh4 Qxa2 16. f3 g6 17. Qh6 g5 18.
fxe4 gxh4 19. exd5 Qxd5 20. Qxh7# 1-0

[Event "Live Chess"]
[Site "Chess.com"]
[Date "2023.05.20"]
[Round "-"]
[White "blowerd"]
[Black "TheSmoulderingMaster"]
[Result "0-1"]
[WhiteElo "1392"]
[BlackElo "1690"]
[TimeControl "300"]
[EndTime "15:48:55 PDT"]
[Termination "TheSmoulderingMaster won on time"]

1. e4 c5 2. Nf3 d6 3. Bc4 Nc6 4. Nc3 e6 5. d4 cxd4 6. Nxd4 Nf6 7. Nxc6 bxc6 8. O-O Be7 9. Re1 O-O 10. Bg5 Qa5 11. Bxf6 Bxf6 12. Qxd6 Ba6 13. Qxc6 Bxc4 14. Qxc4 Rac8 15.
Qd3 Qb4 16. Rab1 Rfd8 17. Qf3 Rd2 18. e5 Be7 19. a3 Qa5 20. Red1 Rxc2 21. Rd7 Bxa3 22.
bxa3 Rf8 23. Nb5 Qb6 24. Rbd1 Qxb5 25. Rd8 Qc5 26. Rxf8+ Qxf8 27. Qd3 Rc8 28. h3 g6 29. Qd6 Qh6 30. Qe7 Qf8 31. Qxa7 Ra8 32. Qd4 Qxa3 33.
Qg4 Qb2 34. Qh4 Qxe5 35. Rd8+ Rxd8 36. Qxd8+ Kg7 37. Qd7 Qe1+ 38. Kh2 Qxf2 39. Qe8 Qf4+ 40. Kh1 e5 0-1

[Event "Live Chess"]
[Site "Chess.com"]
[Date "2023.05.20"]
[Round "-"]
[White "Shepherds_Pie"]
[Black "JoeyCage"]
[Result "0-1"]
[WhiteElo "1921"]
[BlackElo "2320"]
[TimeControl "300"]
[EndTime "15:49:03 PDT"]
[Termination "JoeyCage won by resignation"]

1. c4 e6 2. Nc3 d5 3. d4 c6 4. Nf3 Nd7 5. g3 f5 6. Bg2 Ngf6 7. b3 Be7 8. O-O O-O 9. Ne1 Ne4 10. Bb2 Nxc3 11. Bxc3 b5 12. Nd3 a5 13. cxb5 cxb5 14.
Bd2 Qb6 15. Nf4 g5 16. Nd3 Qxd4 17. Rc1 Qb6 18. Be3 Qd6 19. Nc5 Nxc5 20. Bxc5 Qd7 21.
Qd4 Bb7 22. e3 Rac8 23. Bxe7 Qxe7 24. Qb6 Rxc1 25. Rxc1 Rc8 26. Rxc8+ Bxc8 27. Qxa5 Bd7 28. Qc7 Qe8 29. Bf1 h6 30. Qe5 Kf7 31. a3 Qc8 32.
Kg2 Bc6 33. f3 Kg6 34. Qc3 Qb7 35. Be2 h5 36. b4 g4 37. Kf2 d4 38. Qxd4 Bxf3 39.
Qh8 Bxe2 40. Qg8+ Kf6 41. Qd8+ Kf7 42. Kxe2 Qf3+ 43. Kd2 Qf2+ 44. Kd3 Qf1+ 45. Kd2 Qg2+ 46. Kc3 Qc6+ 47. Kb3 Qc4+ 48. Kb2 Qe2+ 49. Kb1 Qf1+ 50.
Kb2 Qf2+ 51. Kb1 Qg1+ 52. Kb2 Qxh2+ 53. Kb1 Qg1+ 54. Kb2 Qf2+ 55. Kb1 Qf1+ 56. Kb2 Qe2+ 57.
Kb1 Qf1+ 58. Kb2 Qf2+ 59. Kb1 Qxe3 60. Qd7+ Kf6 61. Qd8+ Ke5 62. Qc7+ Ke4 63. Qc6+ Kd4 64. Qc5+ Ke4 65. Qc6+ Kd3 66. Qxb5+ Kd2 67. Qf1 Qxg3 68. Qc1+ Ke2 69. Qc2+ Kf3 70. Qd3+ Kg2 71. Qe2+ Qf2 72. Qxe6 h4 73. Qd5+ Kg3 74. Qe5+ f4 75. b5 h3 76. Qc3+ Qf3 77. Qe1+ Qf2 78. Qh1 h2 79. b6 Qg1+ 0-1

[Event "Live Chess"]
[Site "Chess.com"]
[Date "2023.05.20"]
[Round "-"]
[White "siddu198"]
[Black "Long1968"]
[Result "0-1"]
[WhiteElo "1604"]
[BlackElo "1271"]
[TimeControl "300"]
[EndTime "15:49:08 PDT"]
[Termination "Long1968 won by resignation"]

1. b3 d5 2. Bb2 d4 3. e3 c5 4.
exd4 cxd4 5. Qe2 Nc6 6. Qb5 Bd7 7. Nf3 e5 8. Bc4 h6 9. Nxe5 Nxe5 10. Qxe5+ Be7 11.
Bxd4 Nf6 12. O-O O-O 13. Re1 Re8 14. Qg3 Nh5 15. Qc3 Rc8 16. d3 b5 17. g4 Nf6 18.
Bxf6 Bxf6 19. Rxe8+ Qxe8 20. Bxf7+ Qxf7 21. d4 Rxc3 22. Nxc3 Bxd4 0-1

[Event "Live Chess"]
[Site "Chess.com"]
[Date "2023.05.20"]
[Round "-"]
[White "NomisY"]
[Black "domrobson"]
[Result "1-0"]
[WhiteElo "1547"]
[BlackElo "1774"]
[TimeControl "300"]
[EndTime "15:49:09 PDT"]
[Termination "NomisY won by resignation"]

1. d4 Nf6 2. c4 e6 3. Nc3 d5 4. cxd5 exd5 5. Bg5 Be7 6. e3 h6 7. Bh4 c6 8. Bd3 Bg4 9. f3 Bd7 10. Nge2 Na6 11. O-O Nb4 12. Bb1 O-O 13. a3 Na6 14. b4 Nc7 15. Qd3 g6 16. Qd2 Re8 17. e4 Kg7 18. Bxf6+ Bxf6 19. e5 Be7 20. f4 f6 21.
Ng3 fxe5 22. dxe5 Be6 23. Qd3 Bf7 24. f5 Bf8 25. fxg6 Be6 26. Nh5+ Kg8 27. g7 1-0

[Event "Live Chess"]
[Site "Chess.com"]
[Date "2023.05.20"]
[Round "-"]
[White "martynstanley"]
[Black "fso"]
[Result "0-1"]
[WhiteElo "1002"]
[BlackElo "2228"]
[TimeControl "300"]
[EndTime "15:49:11 PDT"]
[Termination "fso won by checkmate"]

1. d4 d5 2. e3 Nf6 3. Bd3 e6 4.
c3 c5 5. f4 Be7 6. Nf3 O-O 7.
O-O Nbd7 8. Ne5 c4 9. Bc2 a6 10. Rf3 Ne4 11. Nd2 f5 12. Rh3 Ndf6 13. Bxe4 fxe4 14.
Ndf3 exf3 15. Nxf3 Ne4 16. Ne5 Bf6 17. Qh5 h6 18.
Nf3 Qe8 19. Qxe8 Rxe8 20. Nd2 Bd7 21. Nxe4 dxe4 22. Bd2 e5 23. fxe5 Bxh3 24. gxh3 Bg5 25. Rf1 Rf8 26. Rxf8+ Rxf8 27. Kg2 Rf3 28. b3 Bxe3 29.
Bxe3 Rxe3 30. bxc4 Rxc3 31. c5 Rd3 32. e6 Rxd4 33.
e7 Kf7 34. e8=Q+ Kxe8 35. Kf2 Rd3 36. h4 Kd7 37. Ke2 Kc6 38. h5 Kxc5 39. h4 Kc4 40. a4 Kd4 41. a5 Ra3 42. Kd2 Ra2+ 43. Ke1 Kd3 44. Kf1 e3 45. Kg1 e2 46. Kf2 Ra1 47.
Kf3 Rf1+ 48. Kg4 e1=Q 49. Kh3 Rh1+ 50. Kg4 Rxh4+ 51. Kf5 Qe4# 0-1

[Event "Live Chess"]
[Site "Chess.com"]
[Date "2023.05.20"]
[Round "-"]
[White "raminguy"]
[Black "jagbama"]
[Result "1-0"]
[WhiteElo "1960"]
[BlackElo "1145"]
[TimeControl "300"]
[EndTime "15:49:15 PDT"]
[Termination "raminguy won by resignation"]

1. d4 d5 2. Nc3 e6 3. Bf4 c6 4.
e3 Nf6 5. Nf3 Bb4 6. Ne5 Nbd7 7.
Bd3 Nxe5 8. dxe5 Nd7 9. Qg4 Qa5 10. Qxg7 Rf8 11. O-O Bxc3 12. bxc3 Qxc3 13. Qxh7 Nxe5 14. Bh6 Ng6 15. Bxg6 Rh8 16. Qxf7+ Kd8 17. Bg5+ 1-0

[Event "Live Chess"]
[Site "Chess.com"]
[Date "2023.05.20"]
[Round "-"]
[White "jimwad"]
[Black "Duke_of_Bebington"]
[Result "0-1"]
[WhiteElo "1221"]
[BlackElo "1579"]
[TimeControl "300"]
[EndTime "15:49:27 PDT"]
[Termination "Duke_of_Bebington won by resignation"]

1. d4 d5 2. c4 c6 3. Nc3 e5 4. dxe5 d4 5. Ne4 Qa5+ 6. Nd2 Nh6 7. h3 Nf5 8. Nf3 Ne3 9. fxe3 dxe3 10. b3 Bb4 11. g4 O-O 12. Bg2 Rd8 13. Kf1 exd2 14. Nxd2 Bxd2 15. Bxd2 Qxd2 16. Qxd2 Rxd2 17. Kf2 Be6 18.
Rad1 Rxd1 19. Rxd1 Nd7 20. e4 Nxe5 21. Bf3 Nxf3 22.
Kxf3 Kf8 23. Kf4 Ke7 24. h4 Rd8 25. Rxd8 Kxd8 26. g5 Ke7 27. e5 f6 28. exf6+ gxf6 29. gxf6+ Kxf6 30. a3 Bf5 31. b4 Bc2 32. c5 Bb3 33.
Ke4 Kg6 34. Kf4 Kh5 35. Kg3 Bd1 36. Kh3 Kg6 37. Kg3 Kf5 38. h5 Bxh5 39. Kh4 Bg6 40. Kg3 Ke4 41. Kg4 Kd3 42. Kf4 Kc3 43. Ke5 Kb3 44. Kd6 Kxa3 45. Kc7 Kxb4 46. Kxb7 Kxc5 47. Kxa7 Kb5 0-1

[Event "Live Chess"]
[Site "Chess.com"]
[Date "2023.05.20"]
[Round "-"]
[White "CeladonFish"]
[Black "wadsy27"]
[Result "0-1"]
[WhiteElo "1136"]
[BlackElo "2564"]
[TimeControl "300"]
[EndTime "15:49:37 PDT"]
[Termination "wadsy27 won by checkmate"]

1. d4 d5 2. c4 c6 3. Nc3 Nf6 4. Bf4 dxc4 5. e3 b5 6. a4 b4 7. Na2 e6 8. Bxc4 Ba6 9. Bxa6 Nxa6 10. Qd3 Qa5 11. Nc1 b3+ 12. Ke2 Nb4 13. Qc4 Nfd5 14. Nd3 Be7 15. Nxb4 Nxb4 16. Nf3 O-O 17. Ne5 Rac8 18.
Nd7 Rfd8 19. Nc5 Bxc5 20. Qxc5 Qxc5 21. dxc5 Rd5 22. Bd6 f5 23. Rhd1 Kf7 24. Rxd5 cxd5 25.
Ra3 a5 26. Rxb3 Ke8 27. f4 Kd7 28. h3 Kc6 29. Kd2 Rg8 30. g3 g5 31. Ke2 gxf4 32. gxf4 Rg2+ 33. Kf3 Rc2 34. h4 h5 35. Kg3 Rc1 36.
Kf3 Ra1 37. Ra3 Rxa3 38. bxa3 Nd3 39. Ke2 Nxc5 40. Bxc5 Kxc5 41. Kd3 d4 42. exd4+ Kd5 43. Kc3 Ke4 44. Kc4 Kxf4 45. Kb5 Ke3 46. Kxa5 f4 47. Kb5 f3 48. a5 f2 49. a6 f1=Q+ 50. Kb6 Kxd4 51. a7 Qf3 52. Ka6 Qa8 53. a4 e5 54. a5 e4 55. Kb6 e3 56. Ka6 e2 57.
Kb6 e1=Q 58. Ka6 Qe6+ 59. Kb5 Qac6+ 60. Kb4 Qec4+ 61. Ka3 Q6a4+ 62. Kb2 Qcc2# 0-1

[Event "Live Chess"]
[Site "Chess.com"]
[Date "2023.05.20"]
[Round "-"]
[White "DaveL5678"]
[Black "McSlash1"]
[Result "0-1"]
[WhiteElo "1023"]
[BlackElo "1996"]
[TimeControl "300"]
[EndTime "15:49:41 PDT"]
[Termination "McSlash1 won on time"]

1. e4 c5 2. b3 Nc6 3. Bb2 Nf6 4.
Nc3 g6 5. f3 Bg7 6. Bb5 O-O 7.
Bxc6 bxc6 8. Nge2 d5 9. Na4 c4 10. O-O Nd7 11. Bxg7 Kxg7 12. Nf4 Nb6 13. Nc3 d4 14. Nce2 cxb3 15. cxb3 e5 16. Nd3 Ba6 17. Nxe5 Qd6 18. f4 f6 19. Nf3 Nd7 20. Rf2 c5 21. e5 fxe5 22. fxe5 Nxe5 23. Ng5 Rxf2 24. Kxf2 Rf8+ 25. Kg1 Qf6 26. Ne4 Qf5 27. N2g3 Qf4 28. d3 Ng4 29. Qe2 Ne3 30. Re1 h5 31. a3 h4 32. Nh1 Bb7 33. Nhf2 a5 34. Qf3 Qxf3 35. gxf3 Rxf3 36. Ng5 Rf5 37. Nfh3 Ba6 38. Ne6+ Kf6 39. Nef4 g5 0-1

[Event "Live Chess"]
[Site "Chess.com"]
[Date "2023.05.20"]
[Round "-"]
[White "ShanthamGrarks"]
[Black "EdenHazard8"]
[Result "1-0"]
[WhiteElo "1977"]
[BlackElo "2063"]
[TimeControl "300"]
[EndTime "15:49:44 PDT"]
[Termination "ShanthamGrarks won by resignation"]

1. d4 Nf6 2. Nc3 g6 3. e4 Bg7 4. e5 Ng8 5. f4 d6 6. Nf3 Bg4 7. Bc4 e6 8. O-O d5 9. Bd3 Bxf3 10. Qxf3 Ne7 11. Be3 c5 12. Nb5 O-O 13.
dxc5 Nd7 14. Nd6 Nc8 15. Nxb7 Qc7 16. Nd6 Nxc5 17. Nxc8 Raxc8 18. Bxc5 Qxc5+ 19. Kh1 Rfd8 20. a3 Qb6 21. b3 Rc3 22. Qf2 Qxf2 23. Rxf2 Rdc8 24.
g3 Bf8 25. Re2 Bc5 26. a4 Bd4 27. Rb1 a5 28. b4 axb4 29. Rxb4 Bc5 30. Rb3 Rxb3 31.
cxb3 Bb4 32. Rc2 Rxc2 33. Bxc2 Kf8 34. Kg2 Ke7 35. Kf3 f6 36. exf6+ Kxf6 37. Ke3 e5 38.
fxe5+ Kxe5 39. Bd3 Ba5 40. h4 Be1 41. Kf3 Kd4 42.
Bc2 Kc3 43. a5 Kxc2 44. a6 d4 45. a7 d3 46. a8=Q d2 47. Qe4+ Kb2 48. Qe2 Kc1 49.
Qc4+ Kb2 50. Qd4+ Kc1 51. Ke2 1-0

[Event "Live Chess"]
[Site "Chess.com"]
[Date "2023.05.20"]
[Round "-"]
[White "Tushinskiy"]
[Black "Biranidun"]
[Result "1-0"]
[WhiteElo "2179"]
[BlackElo "2683"]
[TimeControl "300"]
[EndTime "15:49:50 PDT"]
[Termination "Tushinskiy won on time"]

1. d4 Nf6 2. c3 g6 3. Nf3 Bg7 4. Bg5 O-O 5. Nbd2 d6 6. e4 c5 7. d5 e6 8. dxe6 Bxe6 9. Bd3 Nc6 10.
Qe2 h6 11. Bh4 Qc7 12. O-O Nh5 13. Bg3 Rad8 14. Rad1 Rfe8 15. Nc4 Nxg3 16. hxg3 d5 17. exd5 Bxd5 18. Qc2 a6 19. Ne3 Be6 20. Rfe1 b5 21. Be4 Ne7 22. Qb1 Qa5 23. a3 Bb3 24. Bc2 Be6 25.
Rxd8 Rxd8 26. Rd1 Rxd1+ 27. Qxd1 Bf6 28. Qd6 b4 29. axb4 cxb4 30. Ng4 Bxg4 31. Qxf6 Nd5 32.
Qd4 Bxf3 33. gxf3 bxc3 34. Bb3 cxb2 35. Qxb2 Nc3 36. Bc4 Qe5 37. Kg2 a5 38. Qb6 Kg7 39.
Qa7 Nd5 40. Kg1 Qa1+ 41. Kh2 Qe5 42. Qxa5 Qh5+ 43. Kg1 Nf6 44. Qa7 Qxf3 45. Qxf7+ Kh8 46. Qf8+ Kh7 47. Bg8+ Kh8 48. Bd5+ Kh7 49. Bxf3 1-0

[Event "Live Chess"]
[Site "Chess.com"]
[Date "2023.05.20"]
[Round "-"]
[White "Conradical12"]
[Black "AbilifyXL"]
[Result "0-1"]
[WhiteElo "1614"]
[BlackElo "1970"]
[TimeControl "300"]
[EndTime "15:49:50 PDT"]
[Termination "AbilifyXL won by resignation"]

1. e4 d5 2. exd5 Qxd5 3. Nf3 c6 4. Nc3 Qa5 5. d3 Nf6 6. Bd2 Qc7 7. Be2 Bg4 8. O-O e6 9. Re1 Nbd7 10. Bg5 Be7 11. h3 Bh5 12. Qd2 O-O 13. Rad1 Rad8 14. Bf4 Bd6 15. Bxd6 Qxd6 16. Ne4 Qc7 17. Nfg5 Bg6 18.
Bg4 Rfe8 19. Qe2 Nxg4 20. Qxg4 f5 21. Qf3 fxe4 22. Rxe4 Rf8 23. Qe2 Bxe4 24. Nxe4 Rde8 25. Re1 e5 26. Ng5 h6 0-1

[Event "Live Chess"]
[Site "Chess.com"]
[Date "2023.05.20"]
[Round "-"]
[White "chessfiction"]
[Black "weibs440"]
[Result "1-0"]
[WhiteElo "2350"]
[BlackElo "957"]
[TimeControl "300"]
[EndTime "15:49:52 PDT"]
[Termination "chessfiction won by resignation"]

1. e4 d6 2. d4 Nf6 3. Nc3 Nbd7 4.
f4 e5 5. Nf3 exd4 6. Qxd4 c6 7.
Bc4 d5 8. exd5 Bc5 9. Qd3 O-O 10.
dxc6 Re8+ 11. Kf1 bxc6 12. Ng5 Qe7 13. Bxf7+ Kf8 14. Bxe8 Qxe8 15. Bd2 Qd8 16. Ne6+ 1-0